 Dungeon Crawl Stone Soup version 0.30.0-5-g1a98f26d00 (webtiles) character file.

Game seed: 8468565080660277342

49170 Persephone the Evangelist (level 14, -17/135 HPs)
             Began as a Hill Orc Fighter on May 9, 2023.
             Was an Elder of Beogh.
             Demolished by bmack86's ghost (19 damage)
             ... on level 2 of the Orcish Mines on May 10, 2023.
             The game lasted 00:40:18 (16541 turns).

Persephone the Evangelist (Hill Orc Fighter)       Turns: 16541, Time: 00:40:19

Health: -17/135    AC: 18    Str: 22    XL:     14   Next: 49%
Magic:  26/26      EV: 10    Int: 10    God:    Beogh [****..]
Gold:   972        SH:  4    Dex:  8    Spells: 13/13 levels left

rFire   . . .        a - +1 war axe (flame)
rCold   . . .        c - +0 buckler
rNeg    . . .        T - +0 ring mail {Will+}
rPois   .            q - +2 helmet of the Heron {Rampage Will+}
rElec   .            M - scarf {+Inv}
rCorr   .            e - +1 pair of gloves
SInv    .            n - +2 pair of boots
Will    ++++.        L - amulet of regeneration Stlth
                     U - ring of willpower
HPRegen 1.22/turn    m - +4 ring of slaying
MPRegen 0.20/turn

%: rampage
@: studying Fighting
A: hooves 1, clumsy 1
a: Renounce Religion, Evoke Invisibility, Smiting, Recall Orcish Followers


You were on level 2 of the Orcish Mines.
You worshipped Beogh.
Beogh was greatly pleased with you.
You visited 3 branches of the dungeon, and saw 18 of its levels.

You collected 1804 gold pieces.
You spent 832 gold pieces at shops.

Inventory:

Hand Weapons
 a - a +1 war axe of flaming (weapon)
 t - a +0 broad axe
 I - a +4 battleaxe of freezing
Missiles
 v - 3 throwing nets (quivered)
Armour
 c - a +0 buckler (worn)
 e - a +1 pair of gloves (worn)
 n - a +2 pair of boots (worn)
 q - the +2 helmet of the Heron (worn) {Rampage Will+}
   (You found it on level 6 of the Dungeon)

   Rampage:   It bestows one free step when moving towards enemies.
   Will:      It increases your willpower.
 M - a scarf of invisibility (worn)
 T - a +0 ring mail of willpower (worn)
Jewellery
 i - a ring of resist corrosion
 j - an amulet of guardian spirit
 m - a +4 ring of slaying (right hand)
 o - a +4 ring of protection
 y - a ring of see invisible
 L - an amulet of regeneration (around neck)
 U - a ring of willpower (left hand)
Wands
 d - a wand of flame (22)
 k - a wand of acid (18)
 r - a wand of polymorph (21)
 G - a wand of mindburst (7)
 P - a wand of charming (14)
 R - a wand of iceblast (5)
Scrolls
 b - 2 scrolls of enchant weapon
 f - 8 scrolls of noise
 g - 11 scrolls of teleportation
 C - 5 scrolls of fear
 E - 7 scrolls of blinking
 F - 3 scrolls of identify
 H - a scroll of silence
 J - a scroll of magic mapping
 K - 2 scrolls of amnesia
 O - a scroll of butterflies
 S - a scroll of fog
Potions
 h - a potion of ambrosia
 l - 4 potions of attraction
 p - 2 potions of magic
 s - 2 potions of berserk rage
 u - 3 potions of degeneration
 w - 4 potions of invisibility
 x - 3 potions of might
 z - 8 potions of curing
 A - 4 potions of flight
 B - 4 potions of haste
 D - 2 potions of lignification
 Q - a potion of brilliance


   Skills:
 + Level 15.4 Fighting
 - Level 16.0 Axes
 + Level 14.2 Armour
 - Level 3.2 Shields
 + Level 16.2 Invocations


You had 13 spell levels left.
You didn't know any spells.
Your spell library contained the following spells:

 Spells                   Type           Power      Damage    Failure   Level
 Magic Dart               Conj           0%         1d3       54%         1
 Sandblast                Erth           0%         2d4       54%         1
 Slow                     Hex            0%         N/A       54%         1
 Ensorcelled Hibernation  Hex/Ice        0%         N/A       69%         2
 Lesser Beckoning         Tloc           0%         N/A       69%         2
 Passwall                 Tmut/Erth      0%         N/A       69%         2
 Searing Ray              Conj           0%         2d4       69%         2
 Confusing Touch          Hex            0%         N/A       89%         3
 Gell's Gravitas          Tloc           0%         N/A       89%         3
 Hailstorm                Conj/Ice       0%         3d3       89%         3
 Spider Form              Tmut/Pois      0%         N/A       89%         3
 Stone Arrow              Conj/Erth      0%         3d7       89%         3
 Teleport Other           Tloc           0%         N/A       89%         3
 Tukima's Dance           Hex            0%         N/A       89%         3
 Vampiric Draining        Necr           0%         2d6       89%         3
 Anguish                  Hex/Necr       0%         N/A       100%        4
 Fulminant Prism          Conj/Hex       0%         3d5       100%        4
 Ice Form                 Ice/Tmut       0%         N/A       100%        4
 Leda's Liquefaction      Hex/Erth       0%         N/A       100%        4
 Passage of Golubria      Tloc           0%         N/A       100%        4
 Iskenderun's Battlesphe  Conj           0%         2d6       100%        5
 Lee's Rapid Deconstruct  Erth           0%         3d4*      100%        5
 Yara's Violent Unravell  Hex/Tmut       0%         3d3       100%        5
 Iron Shot                Conj/Erth      0%         9d1       100%        6
 Simulacrum               Ice/Necr       0%         N/A       100%        6
 Statue Form              Tmut/Erth      0%         N/A       100%        6
 Spellforged Servitor     Conj/Summ      0%         N/A       100%        7


Dungeon Overview and Level Annotations

Branches:
Dungeon (11/15)            Temple (0/1) D:6            Lair (5/5) D:11
 Shoals (0/4) Lair:2        Snake (0/4) Lair:3        Slime (0/5) Lair:5
    Orc (2/2) D:9             Elf (0/3) Orc:2

Altars:
Elyvilon
Kikubaaqudgha
Okawaru
Qazlal
Sif Muna
Uskayaw
Vehumet
Wu Jian
Xom
Yredelemnul
Zin
Beogh

Shops:
D:4 :   Orc:2 ?((*[[

Annotations:
Orc:2 bmack86's ghost, journeyman MiFi


Innate Abilities, Weirdness & Mutations

You have large cloven feet.
You are clumsy. (Dex -2)


Message History

Bmack86's ghost is moderately damaged.
Your orc warrior hits bmack86's ghost with a +1 scimitar of holy wrath.
Bmack86's ghost convulses.
Your orc warrior closely misses bmack86's ghost.
Your orc priest invokes the aid of Beogh against bmack86's ghost.
Bmack86's ghost is smitten.
Bmack86's ghost hits you!!
* * * LOW HITPOINT WARNING * * *
Bmack86's ghost burns you.
* * * LOW HITPOINT WARNING * * *
Your orc priest begins to cast a cantrip, but forgets the words!
You barely miss bmack86's ghost.
Bmack86's ghost is heavily damaged.
Your orc warrior hits bmack86's ghost with a +1 scimitar of holy wrath!
Bmack86's ghost convulses!
Your orc warrior hits bmack86's ghost but does no damage.
Your orc priest mumbles some strange prayers to Beogh against bmack86's ghost.
Bmack86's ghost is smitten.
Bmack86's ghost misses your orc warrior.
You barely miss bmack86's ghost.
Bmack86's ghost is severely damaged.
Your orc warrior barely misses bmack86's ghost. x2
Bmack86's ghost hits you but does no damage.
Unknown command.
You hit bmack86's ghost but do no damage.
Bmack86's ghost is severely damaged.
Unknown command.
You slash bmack86's ghost!
Bmack86's ghost is severely damaged.
Your orc warrior hits bmack86's ghost but does no damage.
Your orc warrior hits bmack86's ghost with a +0 war axe.
Bmack86's ghost hits you!!
* * * LOW HITPOINT WARNING * * *
Bmack86's ghost burns you!
* * * LOW HITPOINT WARNING * * *
You hit bmack86's ghost but do no damage.
Bmack86's ghost is severely damaged.
Your orc warrior hits bmack86's ghost but does no damage.
Your orc warrior barely misses bmack86's ghost.
Bmack86's ghost hits you!!
You die...

...oo.......######o#
..oooo.o....'.)..#.#
...ooo..#...#..)8#.#
.....oo.oo..######.####
.......o.o........o.#.##
.........o....<##......#
.........o.....####...##
...........o...##.#####
......o..o....##@Wo#
..........#oo####o###
...#.###....oooooooo#
...#.##...#..ooooooo##
..#....8.8.##oooooooo#
..##.........#..oo...#
.....##'''##......#.##
...###.....###.....##
..## #8...8# ##...##


You could see bmack86's ghost (ally target), 8 friendly orc warriors, 2 friendly
orc priests, 4 friendly orc wizards and 9 friendly orcs.

Vanquished Creatures
  2 hydras
  2 catoblepae (Lair:5)
  3 two-headed ogres
  A dancing weapon (Orc:2)
  8 death yaks (Lair:5)
  Sonja (Lair:3)
  2 skysharks
  An orc knight (Orc:2)
  A cyclops (D:11)
  2 manticores (Lair:5)
  9 elephants (Lair:2)
  A black mamba (Lair:2)
  5 cane toads
  4 orange demons (D:10)
  2 torpor snails
  11 komodo dragons
  An unseen horror (D:10)
  2 rime drakes (Lair:3)
  2 red devils (D:10)
  3 polar bears
  Prince Ribbit (D:7)
  6 trolls
  A hornet (Lair:5)
  15 blink frogs
  19 dream sheep
  A snapping turtle (Lair:2)
  Grinder (D:5)
  5 slime creatures (D:9)
  2 wraiths (D:11)
  30 yaks
  A vampire (D:10)
  4 basilisks
  2 steam dragons (D:11)
  Menkaure (D:4)
  3 nagas (Lair:3)
  A warg (Orc:2)
  9 water moccasins
  16 orc warriors
  2 ice beasts
  5 black bears
  3 sky beasts
  An ogre (Orc:2)
  8 wolves
  3 centaurs
  2 phantoms (D:5)
  2 kobold brigands
  7 bullfrogs
  A gnoll sergeant (D:11)
  3 scorpions
  8 wights
  12 killer bees
  4 electric eels
  3 howler monkeys
  5 hounds
  6 jellies
  Crazy Yiuf (D:2)
  8 orc priests
  A sleepcap (D:8)
  Ijyb (D:3)
  2 iguanas
  10 orc wizards
  7 gnolls
  7 adders
  2 worms
  7 dart slugs
  35 orcs
  3 bats
  4 endoplasms
  5 giant cockroaches
  3 goblins
  10 hobgoblins
  A quokka (D:2)
  6 ball pythons
  4 frilled lizards
  25 kobolds
  7 rats
405 creatures vanquished.

Vanquished Creatures (collateral kills)
  An orc warlord (Orc:2)
  A catoblepas (Lair:5)
  2 death yaks (Lair:5)
  A torpor snail (Lair:5)
  A blink frog (Lair:5)
  2 yaks (Lair:5)
  2 basilisks (Lair:5)
  A water moccasin (Lair:5)
  A black bear (Lair:5)
  3 orc warriors (Orc:2)
  An ogre (Orc:1)
  2 electric eels (D:11)
  A jelly (Lair:5)
  5 orc priests (Orc:2)
  An orc wizard (Orc:2)
  6 orcs (Orc:2)
31 creatures vanquished.

Vanquished Creatures (others)
  2 orc knights (Lair:5)
  4 orc warriors
  2 sky beasts (D:11)
  4 orc priests
  An orc wizard (Orc:2)
  18 orcs
31 creatures vanquished.

Grand Total: 467 creatures vanquished

Notes
Turn   | Place    | Note
-------+----------+-------------------------------------------
     0 | D:1      | Persephone the Hill Orc Fighter began the quest for the
                  | Orb.
     0 | D:1      | Reached XP level 1. HP: 19/19 MP: 1/1
   239 | D:1      | Reached XP level 2. HP: 26/26 MP: 2/2
   748 | D:1      | Reached XP level 3. HP: 29/29 MP: 3/3
  1109 | D:2      | Reached skill level 5 in Axes
  1314 | D:2      | Reached XP level 4. HP: 39/39 MP: 4/4
  1644 | D:2      | Found a runed translucent door.
  1645 | D:2      | Noticed Crazy Yiuf
  1650 | D:2      | Killed Crazy Yiuf
  1906 | D:3      | Reached XP level 5. HP: 45/45 MP: 5/5
  1921 | D:3      | Identified the +3 sling of the Inviting Butterfly {freeze,
                  | rC+ rN++ Int+3 Stlth-}
  2002 | D:3      | Noticed Ijyb
  2015 | D:3      | Killed Ijyb
  2559 | D:4      | Found Amoraeq's Book Boutique.
  2767 | D:4      | Reached XP level 6. HP: 40/51 MP: 3/6
  2984 | D:4      | Identified the +5 ring mail of Vonoklue {Harm rC- rN+++
                  | SInv}
  3099 | D:4      | Noticed Menkaure
  3112 | D:4      | Killed Menkaure
  3113 | D:4      | Reached XP level 7. HP: 31/57 MP: 3/7
  3409 | D:5      | Entered Level 5 of the Dungeon
  3494 | D:5      | Noticed Grinder
  3500 | D:5      | Paralysed by Grinder for 4 turns
  3509 | D:5      | Paralysed by Grinder for 4 turns
  3510 | D:5      | Reached skill level 10 in Axes
  3521 | D:5      | Killed Grinder
  3566 | D:5      | Became a worshipper of Beogh the Brigand
  3585 | D:5      | Reached XP level 8. HP: 14/64 MP: 5/8
  3588 | D:5      | Gained mutation: You have a beak for a mouth. [potion of
                  | mutation]
  4682 | D:5      | Found an iron altar of Okawaru.
  4682 | D:5      | Found a hide-covered altar of Uskayaw.
  4682 | D:5      | Found a radiant altar of Vehumet.
  4682 | D:5      | Found a basalt altar of Yredelemnul.
  4689 | D:5      | Reached * piety under Beogh
  4708 | D:5      | Found a glowing silver altar of Zin.
  4708 | D:5      | Found a shimmering blue altar of Sif Muna.
  5026 | D:6      | Found an ancient bone altar of Kikubaaqudgha.
  5205 | D:6      | Identified the +2 helmet of the Heron {Rampage Will+}
  5206 | D:6      | Lost mutation: You have a beak for a mouth. [potion of
                  | mutation]
  5206 | D:6      | Gained mutation: You have large cloven feet. [potion of
                  | mutation]
  5206 | D:6      | Gained mutation: You are clumsy. (Dex -2) [potion of
                  | mutation]
  5230 | D:6      | Found a staircase to the Ecumenical Temple.
  5265 | D:6      | Reached XP level 9. HP: 70/70 MP: 9/9
  5778 | D:7      | Noticed Prince Ribbit
  5816 | D:7      | Reached skill level 15 in Axes
  5818 | D:7      | Killed Prince Ribbit
  5877 | D:7      | Noticed a troll
  5880 | D:7      | Noticed a two-headed ogre
  5885 | D:7      | Killed a troll
  5891 | D:7      | Killed a two-headed ogre
  6008 | D:7      | Reached skill level 5 in Fighting
  6059 | D:7      | Found a white marble altar of Elyvilon.
  6396 | D:8      | Reached XP level 10. HP: 81/81 MP: 11/13
  6473 | D:8      | Reached skill level 5 in Armour
  6539 | D:8      | Identified the +1 dagger of Objectivity {protect, rElec
                  | rCorr MP+9}
  6582 | D:8      | Reached skill level 5 in Invocations
  6583 | D:8      | Reached ** piety under Beogh
  6729 | D:8      | Found a stormy altar of Qazlal.
  7226 | D:9      | Found a staircase to the Orcish Mines.
  8095 | D:9      | Noticed a two-headed ogre
  8102 | D:9      | Killed a two-headed ogre
  8103 | D:9      | Reached XP level 11. HP: 71/95 MP: 15/17
  8336 | D:10     | Entered Level 10 of the Dungeon
  8482 | D:10     | Reached *** piety under Beogh
  8619 | D:10     | Found an ornate altar of the Wu Jian Council.
  9244 | D:11     | Reached skill level 10 in Invocations
  9246 | D:11     | Reached skill level 10 in Fighting
  9319 | D:11     | Found a staircase to the Lair.
  9528 | D:11     | Noticed a cyclops
  9559 | D:11     | Killed a cyclops
  9887 | D:11     | Noticed a two-headed ogre
  9893 | D:11     | Killed a two-headed ogre
  9894 | D:11     | Reached XP level 12. HP: 108/108 MP: 20/20
  9945 | Lair:1   | Entered Level 1 of the Lair of Beasts
 10019 | Lair:1   | Reached skill level 10 in Armour
 10738 | Lair:2   | Reached **** piety under Beogh
 10953 | Lair:2   | Noticed a five-headed hydra
 10960 | Lair:2   | Killed a one-headed hydra
 11280 | Lair:2   | Found a staircase to the Shoals.
 11341 | Lair:2   | Noticed a skyshark
 11355 | Lair:2   | Killed a skyshark
 11676 | Lair:3   | Found a staircase to the Snake Pit.
 11781 | Lair:3   | Noticed a skyshark
 11799 | Lair:3   | Killed a skyshark
 11800 | Lair:3   | Reached XP level 13. HP: 109/119 MP: 22/22
 12024 | Lair:3   | Noticed Sonja
 12040 | Lair:3   | Killed Sonja
 13480 | Lair:5   | Entered Level 5 of the Lair of Beasts
 13644 | Lair:5   | Found a staircase to the Slime Pits.
 13720 | Lair:5   | Gained Bladwarg as an ally
 14104 | Lair:5   | Reached ***** piety under Beogh
 14105 | Lair:5   | Reached skill level 15 in Invocations
 14248 | Lair:5   | Reached XP level 14. HP: 101/133 MP: 25/25
 14248 | Lair:5   | Your ally Bladwarg died
 14251 | Lair:5   | Gained Gorbash as an ally
 14621 | Lair:5   | Your ally Gorbash died
 14829 | Lair:5   | Reached skill level 15 in Fighting
 15389 | Orc:1    | Entered Level 1 of the Orcish Mines
 15543 | Orc:2    | Entered Level 2 of the Orcish Mines
 15563 | Orc:2    | Found a staircase to the Elven Halls.
 15577 | Orc:2    | Found Pyschekho's CLEARANCE SALE!.
 15614 | Orc:2    | Found a roughly hewn altar of Beogh.
 15641 | Orc:2    | Found a roughly hewn altar of Beogh.
 15835 | Orc:2    | Found a roughly hewn altar of Beogh.
 15850 | Orc:2    | Found Wimmid's Armour Shoppe.
 15887 | Orc:2    | Found a roughly hewn altar of Beogh.
 15893 | Orc:2    | Found Deas's Antique Weapon Emporium.
 15947 | Orc:2    | Found a runed translucent door.
 15948 | Orc:2    | Found a shimmering altar of Xom.
 15948 | Orc:2    | Noticed bmack86's ghost (journeyman MiFi)
 15948 | Orc:2    | Identified the +4 morningstar "Biger" {chaos, Will+ Int-4
                  | Dex+4}
 16033 | Orc:2    | Found a roughly hewn altar of Beogh.
 16047 | Orc:2    | Found a roughly hewn altar of Beogh.
 16166 | Orc:2    | Noticed an orc warlord
 16168 | Orc:2    | Found Bagarac's Antique Armour Shop.
 16168 | Orc:2    | Found a roughly hewn altar of Beogh.
 16172 | Orc:2    | Killed an orc warlord
 16173 | Orc:2    | Found Jeugit's Antique Weapon Boutique.
 16342 | Orc:2    | Found Kasuosk's Magic Scroll Emporium.
 16345 | Orc:2    | Bought a scroll of acquirement for 832 gold pieces
 16387 | Orc:2    | Acquired a manual of Fighting
 16540 | Orc:2    | HP: 1/135 [bmack86's ghost (11)]
 16541 | Orc:2    | Demolished by bmack86's ghost

Illustrated notes

Levels and vault maps discovered:
D:1:      matt_arrival_spirals, layout_loops_corners, hangedman_decor_growths,
          kennysheep_boxes
D:2:      layout_basic, minmay_cupped, uniq_crazy_yiuf_cottage
D:3:      layout_basic, uniq_ijyb
D:4:      layout_basic, serial_shops, shop, chequers_serial_rivers_small_b,
          uniq_menkaure
D:5:      layout_layer_cave, minmay_overflow_temple_hex, minmay_diced_spiral,
          uniq_grinder
D:6:      layout_loops_ring, mainiacjoe_overflow_brackets,
          minmay_temple_entry_offerings
D:7:      layout_rooms, nicolae_elyvilon_temple_path, uniq_prince_ribbit1
D:8:      layout_gridville, old_standard_altar
D:9:      layout_gridville, orc_0_dummy, evilmike_butchery
D:10:     layout_loops_cross, nicolae_overflow_crystal_walls,
          minmay_beelzebubs_servants
D:11:     layout_basic, erik_lair_island, kennysheep_pointless_box,
          hangedman_misty_isle
Lair:1:   layout_cave_pods, lemuel_fruit_tree, grunt_megastairs_3
Lair:2:   layout_chaotic_city, minmay_shoals_entry_hut
Lair:3:   layout_roguey, nicolae_snake_entry_squirm, mumra_transporter_accident,
          beast_lair_carwin_9, uniq_sonja
Lair:4:   layout_regular_city, grunt_megastairs_2
Lair:5:   evilmike_catoblepas_cave, layout_small_grid,
          nicolae_slime_entry_field_trip, serial_bayou_pond_e,
          nicolae_lair_grove_arrangements, pdpol_lair_cavern_descent
Orc:1:    layout_caves
Orc:2:    grunt_orc_community_town_hall, layout_caves,
          grunt_orc_community_big_house_2, grunt_orc_community_big_house_2,
          grunt_orc_community_house_1, grunt_orc_community_house_3,
          grunt_orc_community_house_1, grunt_orc_community_house_2,
          grunt_orc_community_house_3, ebering_ghost_xom, serial_shops,
          nicolae_shop_rolled_up, nicolae_shop_clearance

Skill      XL: |  1  2  3  4  5  6  7  8  9 10 11 12 13 14 |
---------------+-------------------------------------------+-----
Axes           | 3 4 5 6 8 9 12 14 16 | 16.0
Fighting       | 5 8 10 12 14 15 | 15.4
Armour         | 4 7 9 11 13 14 | 14.2
Invocations    | 4 8 10 13 15 16 | 16.2
Shields        | |  3.2

Action                     |  1- 3 |  4- 6 |  7- 9 | 10-12 | 13-15 || total
---------------------------+-------+-------+-------+-------+-------++-------
  Melee: War axe           |    84 |   104 |   168 |   427 |   423 ||  1206
         Peck              |       |       |     9 |       |       ||     9
         Battleaxe         |       |       |       |    54 |       ||    54
 Invoke: Convert to Beogh  |       |       |     1 |       |       ||     1
         Smiting           |       |       |       |       |    16 ||    16
         Recall Orcish Fol |       |       |       |       |     2 ||     2
    Use: Scroll            |     2 |     4 |    11 |     3 |     5 ||    25
         Potion            |       |     2 |     5 |       |     3 ||    10
   Stab: Distracted        |       |       |       |       |     2 ||     2
         Confused          |       |       |       |       |     1 ||     1
 Armour: Scale mail        |    53 |    52 |       |       |       ||   105
         Plate armour      |       |     8 |   127 |   329 |    17 ||   481
         Ring mail         |       |       |       |       |   163 ||   163
  Dodge: Dodged            |    44 |    28 |    47 |    97 |   119 ||   335
  Block: Buckler           |    24 |    17 |    25 |    64 |    41 ||   171
